TOP OF THE 1ST |
Ogden Spikes batting - Pitching for Fargo Brewmasters : RHP Julio Solano
|
Pitching: RHP Julio Solano
|
|
Batting: RHB Ken Jackson
|
0-0: Ball 1-0: Ball 2-0: Swinging Strike 2-1: Foul Ball, location: 2F 2-2: Foul Ball, location: 2F 2-2: Foul Ball, location: 2F 2-2: Foul Ball, location: 2F 2-2: Foul Ball, location: 2F 2-2: Ball 3-2: Foul Ball, location: 2F 3-2: Foul Ball, location: 2F 3-2: Ground out 3-1 (Groundball, 34, EV 100.0 MPH)
|
Batting: LHB Lenny Harris
|
0-0: Foul Ball, location: 2F 0-1: Ball 1-1: Ball 2-1: Ground out 6-3 (Groundball, 56, EV 83.8 MPH)
|
Batting: LHB Everett Graham
|
0-0: Called Strike 0-1: Ball 1-1: Foul Ball, location: 2F 1-2: Foul Ball, location: 2F 1-2: Strikes out looking
|
Top of the 1st over - 0 runs, 0 hits, 0 errors, 0 left on base; Ogden 0 - Fargo 0 |
BOTTOM OF THE 1ST |
Fargo Brewmasters batting - Pitching for Ogden Spikes : RHP Timothy Steverson
|
Pitching: RHP Timothy Steverson
|
|
Batting: SHB Elton Hooker
|
0-0: Ground out 4-3 (Groundball, 4, EV 93.8 MPH)
|
Batting: LHB Victor Fernandez
|
0-0: Foul Ball, location: 2F 0-1: Ball 1-1: Called Strike 1-2: Ball 2-2: SINGLE (Line Drive, 7S, EV 109.4 MPH)
|
Batting: RHB Forace Oxendine
|
0-0: Ball 1-0: Swinging Strike 1-1: Fly out, F4 (Flyball, 3D, EV 74.4 MPH)
|
Batting: RHB Dick E Scott
|
0-0: Ball 1-0: Ball 2-0: Called Strike 2-1: Ball 3-1: Called Strike 3-2: Base on Balls Victor Fernandez to second
|
Batting: RHB Gus Polidor
|
0-0: Ball 1-0: Foul Ball, location: 2F 1-1: Foul Ball, location: 2F 1-2: Ball 2-2: SINGLE (Groundball, 6MD, EV 106.9 MPH) Victor Fernandez to third Dick E Scott to second Runner from 3rd tries for Home, SAFE, throw by CF to home
|
Batting: RHB Juan Picart
|
0-0: SINGLE (Line Drive, 4MD, EV 95.6 MPH) Dick E Scott to third Gus Polidor to second Runner from 3rd tries for Home, SAFE, throw by CF to home
|
Batting: RHB Randall Thorpe
|
0-0: Fielders Choice at 2nd, 6-4 (Groundball, 6, EV 91.3 MPH)
|
Bottom of the 1st over - 2 runs, 3 hits, 0 errors, 2 left on base; Ogden 0 - Fargo 2 |
TOP OF THE 2ND |
Ogden Spikes batting - Pitching for Fargo Brewmasters : RHP Julio Solano
|
Batting: LHB Roberto Casasnovas
|
0-0: Called Strike 0-1: Ball 1-1: Foul Ball, location: 2F 1-2: Ball 2-2: Strikes out swinging
|
Batting: LHB Marvin Parker
|
0-0: Called Strike 0-1: Foul Ball, location: 2F 0-2: Ball 1-2: Fly out, F9 (Flyball, 9D, EV 95.0 MPH)
|
Batting: RHB Jeffrey Smith
|
0-0: Foul Ball, location: 2F 0-1: Foul Ball, location: 2F 0-2: Ground out 5-3 (Groundball, 5, EV 85.6 MPH)
|
Top of the 2nd over - 0 runs, 0 hits, 0 errors, 0 left on base; Ogden 0 - Fargo 2 |
BOTTOM OF THE 2ND |
Fargo Brewmasters batting - Pitching for Ogden Spikes : RHP Timothy Steverson
|
Batting: RHB Adolph Crump
|
0-0: Ball 1-0: SOLO HOME RUN (Flyball, 9D, EV 108.8 MPH), Distance : 365 ft
|
Batting: RHB Jim Scranton
|
0-0: Ball 1-0: Foul Ball, location: 2F 1-1: Ball 2-1: Ball 3-1: Ground out 6-3 (Groundball, 6, EV 95.0 MPH)
|
Batting: SHB Elton Hooker
|
0-0: Fly out, F6 (Popup, 6, EV 73.1 MPH)
|
Batting: LHB Victor Fernandez
|
0-0: Ball 1-0: Called Strike 1-1: Ground out U3 (Groundball, 3, EV 82.5 MPH)
|
Bottom of the 2nd over - 1 run, 1 hit, 0 errors, 0 left on base; Ogden 0 - Fargo 3 |
TOP OF THE 3RD |
Ogden Spikes batting - Pitching for Fargo Brewmasters : RHP Julio Solano
|
Batting: RHB Joey Mackay
|
0-0: Called Strike 0-1: Swinging Strike 0-2: Ball 1-2: Strikes out looking
|
Batting: RHB Ken Kraft
|
0-0: Ball 1-0: Called Strike 1-1: Foul Ball, location: 2F 1-2: Ground out 4-3 (Groundball, 4M, EV 80.0 MPH)
|
Batting: RHB Terry Bell
|
0-0: Swinging Strike 0-1: Ground out 5-3 (Groundball, 5D, EV 87.5 MPH)
|
Top of the 3rd over - 0 runs, 0 hits, 0 errors, 0 left on base; Ogden 0 - Fargo 3 |
BOTTOM OF THE 3RD |
Fargo Brewmasters batting - Pitching for Ogden Spikes : RHP Timothy Steverson
|
Batting: RHB Forace Oxendine
|
0-0: Ball 1-0: Foul Ball, location: 2F 1-1: Foul Ball, location: 2F 1-2: Foul Ball, location: 2F 1-2: Fly out, F6 (Popup, 6MS, EV 71.9 MPH)
|
Batting: RHB Dick E Scott
|
0-0: Ball 1-0: Ball 2-0: Ball 3-0: Called Strike 3-1: Base on Balls
|
Batting: RHB Gus Polidor
|
0-0: Called Strike 0-1: Ball 1-1: Ball 2-1: Ball 3-1: Base on Balls Dick E Scott to second
|
Batting: RHB Juan Picart
|
0-0: Fly out, F9 (Flyball, 9LS, EV 92.5 MPH)
|
Batting: RHB Randall Thorpe
|
0-0: Ball 1-0: DOUBLE (Line Drive, 9LM, EV 113.1 MPH) Dick E Scott scores Gus Polidor to third Runner from 3rd tries for Home, SAFE, no throw by RF
|
Batting: RHB Adolph Crump
|
0-0: Swinging Strike 0-1: Ball 1-1: Ball 2-1: Swinging Strike 2-2: Ball 3-2: Base on Balls
|
Batting: RHB Jim Scranton
|
0-0: Ball 1-0: Ball 2-0: Ground out 4-3 (Groundball, 4, EV 83.1 MPH)
|
Bottom of the 3rd over - 2 runs, 1 hit, 0 errors, 2 left on base; Ogden 0 - Fargo 5 |
TOP OF THE 4TH |
Ogden Spikes batting - Pitching for Fargo Brewmasters : RHP Julio Solano
|
Batting: RHB Ken Jackson
|
0-0: Foul Ball, location: 2F 0-1: Ground out 4-3 (Groundball, 4, EV 95.0 MPH)
|
Batting: LHB Lenny Harris
|
0-0: Called Strike 0-1: DOUBLE (Line Drive, 9LS, EV 98.8 MPH)
|
Batting: LHB Everett Graham
|
0-0: Ground out 6-3 (Groundball, 6, EV 86.9 MPH) Lenny Harris to third
|
Batting: LHB Roberto Casasnovas
|
0-0: Ball 1-0: Ball 2-0: Ball 3-0: Called Strike 3-1: Called Strike 3-2: Fly out, F9 (Flyball, 89D, EV 98.1 MPH)
|
Top of the 4th over - 0 runs, 1 hit, 0 errors, 1 left on base; Ogden 0 - Fargo 5 |
BOTTOM OF THE 4TH |
Fargo Brewmasters batting - Pitching for Ogden Spikes : RHP Timothy Steverson
|
Batting: SHB Elton Hooker
|
0-0: Ball 1-0: Ball 2-0: Ground out U3 (Groundball, 3L, EV 80.0 MPH)
|
Batting: LHB Victor Fernandez
|
0-0: Called Strike 0-1: Ball 1-1: Swinging Strike 1-2: Ball 2-2: Foul Ball, location: 2F 2-2: Ground out 5-3 (Groundball, 5, EV 85.6 MPH)
|
Pitching: RHP Douglas Barba
|
|
Batting: RHB Forace Oxendine
|
0-0: Ball 1-0: Foul Ball, location: 2F 1-1: Ball 2-1: Ball 3-1: Base on Balls
|
Batting: RHB Dick E Scott
|
0-0: Ball 1-0: Foul Ball, location: 2F 1-1: Ball 2-1: SINGLE (Line Drive, 9S, EV 98.8 MPH) Forace Oxendine to second Runner from 2nd tries for 3rd, SAFE, no throw by RF
|
Batting: RHB Gus Polidor
|
0-0: DOUBLE (Flyball, 8LD, EV 102.5 MPH) Forace Oxendine scores Dick E Scott to third
|
Batting: RHB Juan Picart
|
0-0: Ball 1-0: Ball 2-0: SINGLE (Groundball, 6S, EV 69.4 MPH) (infield hit) Dick E Scott scores Gus Polidor to third
|
Batting: RHB Randall Thorpe
|
0-0: Fly out, F9 (Flyball, 89S, EV 93.8 MPH)
|
Bottom of the 4th over - 2 runs, 3 hits, 0 errors, 2 left on base; Ogden 0 - Fargo 7 |
TOP OF THE 5TH |
Ogden Spikes batting - Pitching for Fargo Brewmasters : RHP Julio Solano
|
Batting: LHB Marvin Parker
|
0-0: Ball 1-0: Foul Ball, location: 2F 1-1: Called Strike 1-2: Strikes out swinging
|
Batting: RHB Jeffrey Smith
|
0-0: Fly out, F8 (Flyball, 78M, EV 90.6 MPH)
|
Batting: RHB Joey Mackay
|
0-0: Ball 1-0: SOLO HOME RUN (Flyball, 9D, EV 106.3 MPH), Distance : 384 ft
|
Batting: RHB Ken Kraft
|
0-0: Ball 1-0: Ball 2-0: Called Strike 2-1: Swinging Strike 2-2: Foul Ball, location: 2F 2-2: Ground out 4-3 (Groundball, 4, EV 87.5 MPH)
|
Top of the 5th over - 1 run, 1 hit, 0 errors, 0 left on base; Ogden 1 - Fargo 7 |
BOTTOM OF THE 5TH |
Fargo Brewmasters batting - Pitching for Ogden Spikes : RHP Douglas Barba
|
Batting: RHB Adolph Crump
|
0-0: Called Strike 0-1: Ball 1-1: Ball 2-1: Ground out 3-1 (Groundball, 34S, EV 70.6 MPH)
|
Batting: RHB Jim Scranton
|
0-0: Ball 1-0: Ground out U3 (Groundball, 3, EV 90.6 MPH)
|
Batting: SHB Elton Hooker
|
0-0: Called Strike 0-1: Ball 1-1: Ball 2-1: Ball 3-1: Base on Balls
|
Batting: LHB Victor Fernandez
|
0-0: Called Strike 0-1: Fly out, F9 (Line Drive, 9, EV 88.8 MPH)
|
Bottom of the 5th over - 0 runs, 0 hits, 0 errors, 1 left on base; Ogden 1 - Fargo 7 |
TOP OF THE 6TH |
Ogden Spikes batting - Pitching for Fargo Brewmasters : RHP Julio Solano
|
Batting: RHB Terry Bell
|
0-0: Foul Ball, location: 2F 0-1: Foul Ball, location: 2F 0-2: Strikes out swinging
|
Batting: RHB Ken Jackson
|
0-0: Ball 1-0: Ball 2-0: Foul Ball, location: 2F 2-1: Ball 3-1: Base on Balls
|
Batting: LHB Lenny Harris
|
0-0: Called Strike 0-1: Fly out, F4 (Flyball, 34D, EV 81.3 MPH)
|
Batting: LHB Everett Graham
|
0-0: Ball 1-0: Ball 2-0: Ball 3-0: Called Strike 3-1: Base on Balls Ken Jackson to second
|
Batting: LHB Roberto Casasnovas
|
0-0: Ball 1-0: Ball 2-0: Ball 3-0: Base on Balls Ken Jackson to third Everett Graham to second
|
Batting: LHB Marvin Parker
|
0-0: Fielders Choice at 2nd, U4 (Groundball, 4M, EV 105.6 MPH)
|
Top of the 6th over - 0 runs, 0 hits, 0 errors, 3 left on base; Ogden 1 - Fargo 7 |
BOTTOM OF THE 6TH |
Fargo Brewmasters batting - Pitching for Ogden Spikes : RHP Douglas Barba
|
Batting: RHB Forace Oxendine
|
0-0: Ball 1-0: SINGLE (Line Drive, 6MD, EV 101.3 MPH)
|
Batting: RHB Dick E Scott
|
0-0: Ball 1-0: SINGLE (Line Drive, 9LM, EV 93.8 MPH) Forace Oxendine to second Runner from 2nd tries for 3rd, SAFE, no throw by RF
|
Batting: RHB Gus Polidor
|
0-0: Ball 1-0: Ball 2-0: Called Strike 2-1: Swinging Strike 2-2: Fly out, F7 (Flyball, 7D, EV 81.3 MPH) Runner from 3rd tags up, SCORES, throw by LF
|
Batting: RHB Juan Picart
|
0-0: Ball 1-0: SINGLE (Line Drive, 8RS, EV 89.4 MPH) Dick E Scott to second
|
Batting: RHB Randall Thorpe
|
0-0: SINGLE (Groundball, 56S, EV 66.3 MPH) (infield hit) Dick E Scott to third Juan Picart to second
|
Batting: RHB Adolph Crump
|
0-0: Foul Ball, location: 2F 0-1: Ball 1-1: Ball 2-1: Foul Ball, location: 2F 2-2: Ball 3-2: Fly out, F8 (Flyball, 78M, EV 76.3 MPH) Runner from 3rd tags up, SCORES, no throw by CF
|
Batting: RHB Jim Scranton
|
0-0: Ball 1-0: SINGLE (Flyball, 56D, EV 90.0 MPH) Juan Picart to third Randall Thorpe to second Runner from 3rd tries for Home, SAFE, throw by LF to home
|
Batting: SHB Elton Hooker
|
0-0: Ball 1-0: Called Strike 1-1: SINGLE (Flyball, 9S, EV 90.0 MPH) Randall Thorpe to third Jim Scranton to second Runner from 3rd tries for Home, SAFE, throw by RF to home
|
Pitching: LHP John Horner
|
|
Batting: LHB Victor Fernandez
|
0-0: Swinging Strike 0-1: Called Strike 0-2: Foul Ball, location: 2F 0-2: Ground out U3 (Groundball, 3, EV 83.8 MPH)
|
Bottom of the 6th over - 4 runs, 6 hits, 0 errors, 2 left on base; Ogden 1 - Fargo 11 |
TOP OF THE 7TH |
Ogden Spikes batting - Pitching for Fargo Brewmasters : RHP Julio Solano
|
Batting: RHB Jeffrey Smith
|
0-0: Called Strike 0-1: Swinging Strike 0-2: Ball 1-2: Foul Ball, location: 2F 1-2: Strikes out looking
|
Pinch Hitting: RHB Todd Johnson
|
0-0: Called Strike 0-1: Foul Ball, location: 2F 0-2: Ball 1-2: Ground out 5-3 (Groundball, 56S, EV 84.4 MPH)
|
Pinch Hitting: RHB Juan Nieto
|
0-0: Ball 1-0: Ball 2-0: Called Strike 2-1: Foul Ball, location: 2F 2-2: Fly out, F8 (Flyball, 8LD, EV 108.8 MPH)
|
Top of the 7th over - 0 runs, 0 hits, 0 errors, 0 left on base; Ogden 1 - Fargo 11 |
BOTTOM OF THE 7TH |
Fargo Brewmasters batting - Pitching for Ogden Spikes : LHP John Horner
|
Now at 2B: Juan Nieto
|
|
Now in RF: Paul Wright
|
|
Pinch Hitting: LHB Darwin Diaz
|
0-0: Called Strike 0-1: Fly out, F4 (Popup, 3D, EV 51.3 MPH)
|
Batting: RHB Dick E Scott
|
0-0: Ball 1-0: Ball 2-0: Called Strike 2-1: Ball 3-1: Called Strike 3-2: Foul Ball, location: 2F 3-2: Foul Ball, location: 2F 3-2: Base on Balls
|
Batting: RHB Gus Polidor
|
0-0: Ball 1-0: Called Strike 1-1: Ball 2-1: Grounds into double play, 1-6-3 (Groundball, 13S, EV 68.1 MPH)
|
Bottom of the 7th over - 0 runs, 0 hits, 0 errors, 0 left on base; Ogden 1 - Fargo 11 |
TOP OF THE 8TH |
Ogden Spikes batting - Pitching for Fargo Brewmasters : RHP Julio Solano
|
Pitching: LHP Michael Bradley
|
|
Now at 1B: Darwin Diaz
|
|
Batting: RHB Terry Bell
|
0-0: Called Strike 0-1: Swinging Strike 0-2: Foul Ball, location: 2F 0-2: Ball 1-2: Foul Ball, location: 2F 1-2: SINGLE (Groundball, 6S, EV 69.4 MPH) (infield hit)
|
Pinch Hitting: RHB Eric Garrett
|
0-0: Swinging Strike 0-1: Foul Ball, location: 2F 0-2: Ball 1-2: Strikes out swinging
|
Batting: LHB Lenny Harris
|
0-0: Ball 1-0: Fly out, F6 (Popup, 6, EV 76.9 MPH)
|
Batting: LHB Everett Graham
|
0-0: Ball 1-0: Ground out 6-3 (Groundball, 6S, EV 69.4 MPH)
|
Top of the 8th over - 0 runs, 1 hit, 0 errors, 1 left on base; Ogden 1 - Fargo 11 |
BOTTOM OF THE 8TH |
Fargo Brewmasters batting - Pitching for Ogden Spikes : LHP John Horner
|
Now at SS: Tom Alfredson
|
|
Batting: RHB Juan Picart
|
0-0: Ground out U3 (Groundball, 3, EV 98.8 MPH)
|
Batting: RHB Randall Thorpe
|
0-0: Called Strike 0-1: Ball 1-1: Ground out 6-3 (Groundball, 6, EV 89.4 MPH)
|
Batting: RHB Adolph Crump
|
0-0: Foul Ball, location: 2F 0-1: Fly out, F7 (Flyball, 7D, EV 92.5 MPH)
|
Bottom of the 8th over - 0 runs, 0 hits, 0 errors, 0 left on base; Ogden 1 - Fargo 11 |
TOP OF THE 9TH |
Ogden Spikes batting - Pitching for Fargo Brewmasters : LHP Michael Bradley
|
Pinch Hitting: LHB Steven Neel
|
0-0: Called Strike 0-1: Ball 1-1: Called Strike 1-2: Foul Ball, location: 2F 1-2: Ground out 6-3 (Groundball, 56D, EV 90.0 MPH)
|
Batting: LHB Marvin Parker
|
0-0: SOLO HOME RUN (Flyball, 7D, EV 93.1 MPH), Distance : 390 ft
|
Batting: RHB Jeffrey Smith
|
0-0: Ball 1-0: Called Strike 1-1: Ball 2-1: Ball 3-1: Foul Ball, location: 2F 3-2: Fly out, F7 (Flyball, 78D, EV 95.0 MPH)
|
Batting: RHB Paul Wright
|
0-0: Ground out 5-3 (Groundball, 56, EV 88.1 MPH)
|
Top of the 9th over - 1 run, 1 hit, 0 errors, 0 left on base; Ogden 2 - Fargo 11 |
|